 Dungeon Crawl Stone Soup version 0.31-a0-232-gb1c03b2570 (webtiles) character file.

Game seed: 5560872496775769439

100 qw the Shooter (level 4, 0/26 HPs)
             Began as a Gargoyle Hexslinger on July 7, 2023.
             Slain by a gnoll
             ... wielding a +0 spear
              (4 damage)
             ... on level 3 of the Dungeon.
             The game lasted 00:00:45 (1793 turns).

qw the Shooter (Gargoyle Hexslinger)                Turns: 1793, Time: 00:00:46

Health: 0/26       AC:  5    Str: 11    XL:     4   Next: 74%
Magic:  5/5        EV: 12    Int: 14    God:
Gold:   163        SH:  0    Dex: 14    Spells: 4/5 levels left

rFire   . . .        Y - +1 sling
rCold   . . .        (no shield)
rNeg    + . .        c - +0 robe
rPois   inf          (no helmet)
rElec   +            (no cloak)
rCorr   .            (no gloves)
SInv    +            (no boots)
Will    .....        (no amulet)
Stlth   +            b - ring of see invisible
HPRegen 0.24/turn    (no ring)
MPRegen 0.09/turn

%: no passive effects
@: no status effects
A: sickness immunity, AC +3, negative energy resistance 1, electricity
resistance, torment resistance 1, petrification resistance
a: no special abilities


You were on level 3 of the Dungeon.
You visited 1 branch of the dungeon, and saw 3 of its levels.

You collected 163 gold pieces.


Innate Abilities, Weirdness & Mutations

You are immune to sickness and miasma.
Your stone body is resilient. (AC +3)
You are immune to poison.
You resist negative energy. (rN+)
You are resistant to electric shocks. (rElec)
You are resistant to unholy torment.
You are immune to petrification.


   Skills:
 - Level 2.0 Fighting
 + Level 4.5 Ranged Weapons
 - Level 1.5 Dodging
 - Level 1.0 Spellcasting
 - Level 2.6 Hexes


You had 4 spell levels left.
You knew the following spells:

 Your Spells              Type           Power      Damage    Failure   Level
a - Slow                  Hex            32%        N/A       9%          1

Your spell library contained the following spells:

 Spells                   Type           Power      Damage    Failure   Level
 Inner Flame              Hex/Fire       4%         N/A       41%         3
 Portal Projectile        Hex/Tloc       8%         N/A       41%         3
 Cause Fear               Hex            4%         N/A       65%         4

Inventory:

Hand Weapons
 Y - a +1 sling (weapon)
Armour
 c - a +0 robe (worn)
 g - a +3 ring mail
Jewellery
 b - a ring of see invisible (left hand)
 h - an amulet of regeneration
Potions
 a - a potion of might
 d - a potion of heal wounds
 e - a potion of haste {unknown}
 f - a potion of curing

Dungeon Overview and Level Annotations

Branches:
Dungeon (3/15)

Altars:


Message History

You shoot a sling bullet.
The sling bullet barely misses the dart slug.
You shoot a sling bullet. The sling bullet hits the dart slug.
You kill the dart slug!
You start resting.
HP restored.
You see here a dart slug corpse.
You open the door. 2 endoplasms and 3 gnolls come into view.
The gnoll shouts! x2
The endoplasm quivers.
You hear a shout!
Found a glowing hand axe.
Found a stone staircase leading down.
Enter note:
Enter note:
Enter note:
Enter note:
Enter note:
Enter note: You shoot a sling bullet.
The gnoll shouts!
The sling bullet hits the endoplasm.
The endoplasm is severely wounded.
The endoplasm barely misses you.
The gnoll hits you from afar with a +0 spear!
You shoot a sling bullet. The sling bullet hits the endoplasm.
You kill the endoplasm!
The gnoll hits you from afar with a +0 spear.
You shoot a sling bullet. The sling bullet hits the endoplasm.
The endoplasm is severely wounded.
The endoplasm freezes you.
You are frozen.
You shoot a sling bullet.
The sling bullet hits the endoplasm but does no damage.
The endoplasm is severely wounded.
The endoplasm barely misses you.
You shoot a sling bullet. The sling bullet hits the endoplasm.
You kill the endoplasm!
The gnoll hits you from afar with a +0 spear. x2
You die...

#.. ##########..
#####...........
#.......####...# ###
##..............# #...
#................ #....
##.####.##.##....#
#.....#..####.##.#.....#
#...>gg@...............'
#.)..g##########.#.#..%#
#.... #.#%#...# #...
#.#.#...# ... #.#.#...#
.. #.#.#...# . #.#.##.##
#.#.##.# #.#.##.#


You could see 3 gnolls.

Vanquished Creatures
  3 adders
  3 worms
  4 dart slugs
  3 ball pythons
  6 endoplasms
  A giant cockroach (D:2)
  7 goblins
  5 hobgoblins
  3 jackals (D:1)
  4 quokkas
  6 bats
  2 frilled lizards
  5 kobolds
  3 rats
55 creatures vanquished.

Notes
Turn   | Place    | Note
-------+----------+-------------------------------------------
     0 | D:1      | qw the Gargoyle Hexslinger began the quest for the Orb.
     0 | D:1      | Reached XP level 1. HP: 12/12 MP: 2/2
     0 | D:1      | 0 ||| qw: Version: 0.3-a-46-gb1f654a
     0 | D:1      | 0 ||| qw: Game counter: 2678
     0 | D:1      | 0 ||| qw: Melee chars always use a shield: true
     0 | D:1      | 0 ||| qw: God list: Okawaru
     0 | D:1      | 0 ||| qw: Allow faded altars: false
     0 | D:1      | 0 ||| qw: Do Orc after clearing Dungeon:15 true
     0 | D:1      | 0 ||| qw: Do second Lair branch before Depths: true
     0 | D:1      | 0 ||| qw: Lair rune preference: random
     0 | D:1      | 0 ||| qw: Goals: Normal
     0 | D:1      | 0 ||| PLANNING D:1-11
    92 | D:1      | You fall into a shaft and drop 1 floor!
   100 | D:2      | Reached XP level 2. HP: 14/16 MP: 3/3
   144 | D:2      | Reached skill level 3 in Ranged Weapons
   190 | D:2      | 190 ||| READING scroll labelled YVI HUTAHIE.
   191 | D:2      | 191 ||| DROPPING scroll of poison.
   256 | D:1      | Reached XP level 3. HP: 20/20 MP: 4/4
   675 | D:1      | 675 ||| UPGRADING to ring of see invisible.
   676 | D:1      | 676 ||| READING 2 scrolls labelled JOARED CYENN.
   677 | D:1      | 677 ||| DROPPING scroll of fear.
   714 | D:2      | Identified the +0 short sword "Viekuet" {elec, Str+2
                  | Stlth+}
  1045 | D:2      | Reached XP level 4. HP: 26/26 MP: 5/5
  1295 | D:2      | 1295 ||| READING scroll labelled DUICKE JOLO JUF.
  1296 | D:2      | 1296 ||| DRINKING 2 viscous brown potions.
  1297 | D:2      | 1297 ||| DRINKING 2 grey potions.
  1298 | D:2      | 1298 ||| DRINKING 2 fizzy cyan potions.
  1395 | D:3      | Reached skill level 4 in Ranged Weapons
  1485 | D:3      | Found a faded altar of an unknown god.
  1793 | D:3      | HP: 4/26 [gnoll/+0 spear (5)]
  1793 | D:3      | Slain by a gnoll

Levels and vault maps discovered:
D:1:      psy_arrival_fountain, layout_rooms, hangedman_decor_slide_cut,
          minmay_tetromino_i2
D:2:      layout_loops_ring, nrook_loot_triangle, chequers_arboretum,
          lemuel_flame_loot_1
D:3:      layout_basic, basic_ecumenical_altar, kennysheep_generic_room_13

Skill      XL: |  1  2  3  4 |
---------------+-------------+-----
Ranged Weapons | 3 4 |  4.5
Fighting       | 2 |  2.0
Dodging        | |  1.5
Spellcasting   | |  1.0
Hexes          | |  2.6

Action                     |  1- 3 |  4- 6 || total
---------------------------+-------+-------++-------
   Fire: Sling             |   116 |    73 ||   189
    Use: Scroll            |     2 |     1 ||     3
         Potion            |       |     3 ||     3
 Armour: Robe              |    25 |    14 ||    39
  Dodge: Dodged            |    26 |    27 ||    53

Table legend:
 A = Non-vault XP
 B = Vault XP
 C = Vault XP percentage of total XP
 D = Non-vault monster count
 E = Vault monster count
 F = Vault count percentage of total count
                 A         B        C        D         E       F
            +---------+---------+-------+---------+---------+-------
      Total |     143 |       3 |   2.1 |      53 |       2 |   3.6
            +---------+---------+-------+---------+---------+-------
        D:1 |      31 |       3 |   8.8 |      19 |       2 |   9.5
        D:2 |      49 |       0 |   0.0 |      16 |       0 |   0.0
        D:3 |      63 |       0 |   0.0 |      18 |       0 |   0.0
            +---------+---------+-------+---------+---------+-------
